 Dungeon Crawl Stone Soup version 0.25-a0-294-gea9b1ad378 (webtiles) character file.

Game seed: 13042158722741594088, levelgen mode: deterministic

83 MoonlitKnight the Poker (level 4, 0/35 HPs)
             Began as a Merfolk Skald on Dec 16, 2019.
             Slain by Sigmund
             ... wielding a +0 scythe
              (4 damage)
             ... on level 2 of the Dungeon.
             The game lasted 00:04:27 (1845 turns).

MoonlitKnight the Poker (Merfolk Skald)             Turns: 1845, Time: 00:04:27

Health: 0/35       AC:  5    Str: 12    XL:     4   Next: 44%
Magic:  1/7        EV: 13    Int: 12    God:
Gold:   87         SH:  0    Dex: 13    Spells: 1/7 levels left

rFire    + . .     SeeInvis .   a - +0 spear
rCold    . . .     Gourm    .   (no shield)
rNeg     . . .     Faith    .   j - +2 leather armour {rF+}
rPois    .         Spirit   .   (no helmet)
rElec    .         Reflect  .   (no cloak)
rCorr    .         Harm     .   (no gloves)
MR       .....                  (no boots)
Stlth    +.........             (no amulet)
HPRegen  0.11/turn              (no ring)
MPRegen  0.10/turn              (no ring)

@: no status effects
A: change form in water, swift swim, stealthy swim
a: no special abilities


You were on level 2 of the Dungeon.
You were hungry.

You visited 1 branch of the dungeon, and saw 2 of its levels.

You collected 87 gold pieces.

Inventory:

Hand Weapons
 a - a +0 spear (weapon)
Armour
 j - a +2 leather armour of fire resistance (worn)
 n - a +0 shield
Jewellery
 b - an uncursed ring of stealth {unknown}
 h - an uncursed ring of flight {unknown}
 l - a cursed -2 ring of evasion {unknown}
Scrolls
 e - a scroll of teleportation {unknown}
 k - 6 scrolls of identify {unknown}
 o - 2 scrolls of blinking {unknown}
 q - 2 scrolls of noise {unknown}
 s - 2 scrolls of remove curse {unknown}
Potions
 c - a potion of curing
 g - a potion of mutation {unknown}
 i - a potion of agility {unknown}
 m - a potion of heal wounds {unknown}
 p - a potion of degeneration {unknown}
 r - 2 potions of flight {unknown}
Comestibles
 d - 7 rations


   Skills:
 + Level 3.1 Fighting
 * Level 5.1 Polearms
 - Level 0.6 Armour
 + Level 3.7 Dodging
 - Level 2.0 Spellcasting
 - Level 3.2 Charms


You had one spell level left.
You knew the following spells:

 Your Spells              Type           Power        Failure   Level  Hunger
a - Infusion              Chrm           #...         9%          1    ##.....
b - Shroud of Golubria    Chrm/Tloc      #.....       26%         2    ###....
c - Spectral Weapon       Hex/Chrm       #.......     47%         3    ####...

Your spell library contained the following spells:

 Spells                   Type           Power        Failure   Level  Hunger
 Song of Slaying          Chrm           #.......     14%         2    ###....
 Regeneration             Chrm/Necr      #.........   47%         3    ####...


Dungeon Overview and Level Annotations

Branches:
Dungeon (2/15)

Altars:

Annotations:
D:2 1 runed translucent door, Crazy Yiuf, Sigmund


Message History

Sigmund casts a spell.
Sigmund flickers and vanishes!
Deactivating autopickup; reactivate with Ctrl-A.
You hit something. Something hits you but does no damage.
You closely miss something. You barely miss something.
Something hits you but does no damage.
You hit something.
You are no longer magically infusing your attacks.
Something hits you.
You miss something. You closely miss something. Something hits you!
* * * LOW HITPOINT WARNING * * *
You miss something. You barely miss something. Something hits you.
* * * LOW HITPOINT WARNING * * *
It was a potion of curing.
You feel better.
You hit something. Something hits you.
* * * LOW HITPOINT WARNING * * *
You miss something. Something hits you.
You die...

......#
#.## #.#
#######
#..# #.#
##.###.# ##
#..##.#
.### ###
##.##.#
#..##...#
#.##.#
###.+...#
#..#.#
###..)#
##.#.# ###
#.#@# #.#{#
# #.#b#
####. #...#
.!....##..#
..........#
......##..#
....( ##.#
.... #>#


You could see a bat.

Vanquished Creatures
  A gnoll (D:2)
  3 adders (D:2)
  A worm (D:2)
  A dart slug (D:1)
  2 leopard geckos (D:1)
  2 giant cockroaches (D:2)
  6 hobgoblins
  2 jackals (D:2)
  A quokka (D:2)
  A ball python (D:2)
  7 bats
  2 frilled lizards
  3 goblins
  4 kobolds
  3 rats (D:1)
39 creatures vanquished.

Notes
Turn   | Place    | Note
-------+----------+-------------------------------------------
     0 | D:1      | MoonlitKnight the Merfolk Skald began the quest for the
                  | Orb.
     0 | D:1      | Reached XP level 1. HP: 16/16 MP: 3/3
   271 | D:1      | Reached XP level 2. HP: 22/23 MP: 5/5
   335 | D:1      | Learned a level 2 spell: Shroud of Golubria
   487 | D:1      | Reached skill level 4 in Polearms
   900 | D:2      | Reached XP level 3. HP: 12/28 MP: 0/6
  1093 | D:2      | Learned a level 3 spell: Spectral Weapon
  1321 | D:2      | Reached XP level 4. HP: 35/35 MP: 2/7
  1541 | D:2      | Reached skill level 5 in Polearms
  1715 | D:2      | Found a runed translucent door.
  1716 | D:2      | Noticed Crazy Yiuf
  1808 | D:2      | Noticed Sigmund
  1842 | D:2      | HP: 1/35 [something (5)]
  1845 | D:2      | Slain by Sigmund

Levels and vault maps discovered:
D:1:      onia_arrival_pentagram, layout_basic
D:2:      layout_basic, cheibrodos_gnoll_hut, uniq_sigmund,
          uniq_crazy_yiuf_cottage

Skill      XL: |  1  2  3  4 |
---------------+-------------+-----
Dodging        | 3 |  3.7
Polearms       | 4 5 |  5.1
Fighting       | 3 |  3.1
Armour         | |  0.6
Spellcasting   | |  2.0
Charms         | |  3.2

Action                   |  1- 3 |  4- 6 || total
-------------------------+-------+-------++-------
Melee: Spear             |   120 |    44 ||   164
 Cast: Infusion          |     7 |     3 ||    10
       Shroud of Golubri |     2 |     1 ||     3
       Spectral Weapon   |     1 |       ||     1
  Use: Potion            |       |     1 ||     1
 Stab: Sleeping          |     2 |     1 ||     3
  Eat: Chunk             |     2 |     1 ||     3
Armor: Leather armour    |    32 |    11 ||    43
Dodge: Dodged            |    56 |    27 ||    83

Table legend:
 A = Non-vault XP
 B = Vault XP
 C = Vault XP percentage of total XP
 D = Non-vault monster count
 E = Vault monster count
 F = Vault count percentage of total count
                 A         B        C        D         E       F
            +---------+---------+-------+---------+---------+-------
      Total |     101 |      18 |  15.1 |      36 |       3 |   7.7
            +---------+---------+-------+---------+---------+-------
        D:1 |      31 |       0 |   0.0 |      17 |       0 |   0.0
        D:2 |      70 |      18 |  20.5 |      19 |       3 |  13.6
            +---------+---------+-------+---------+---------+-------
